 Dungeon Crawl Stone Soup version 0.27-a0-1272-g7c8ad2e407 (webtiles) character file.

Game seed: 5137318674712003122

350 Delamore the Poker (level 6, -1/51 HPs)
             Began as a Formicid Fighter on June 11, 2021.
             Was a Believer of Jiyva.
             Killed from afar by a white imp (12 damage)
             ... with a puff of frost
             ... on level 5 of the Dungeon.
             The game lasted 00:02:51 (3785 turns).

Delamore the Poker (Formicid Fighter)               Turns: 3785, Time: 00:02:52

Health: -1/51      AC:  6    Str: 24    XL:     6   Next: 92%
Magic:  6/6        EV:  8    Int:  7    God:    Jiyva [**....]
Gold:   86         SH:  9    Dex:  9    Spells: 5/5 levels left

rFire    . . .     SeeInvis +   a - +0 trident
rCold    . . .     Faith    .   c - +0 kite shield
rNeg     . . .     Spirit   .   b - +0 scale mail
rPois    .         Reflect  .   (helmet unavailable)
rElec    .         Harm     .   (no cloak)
rCorr    .         Rampage  .   (no gloves)
Will     .....                  (no boots)
Stlth    ..........             (no amulet)
HPRegen  0.17/turn              (no ring)
MPRegen  0.10/turn              (no ring)

@: no status effects
A: permanent stasis, dig shafts and tunnels, antennae 3, four strong arms
a: Dig, Shaft Self, Renounce Religion, Request Jelly


You were on level 5 of the Dungeon.
You worshipped Jiyva.
Jiyva was pleased with you.
You visited 1 branch of the dungeon, and saw 5 of its levels.

You collected 86 gold pieces.

Inventory:

Hand Weapons
 a - a +0 trident (weapon)
Missiles
 k - 8 boomerangs
Armour
 b - a +0 scale mail (worn)
 c - a +0 kite shield (worn)
 i - a +0 plate armour
Scrolls
 e - a scroll of teleportation
 g - a scroll of identify
 h - a scroll of enchant weapon
 j - a scroll of noise {unknown}
Potions
 d - a potion of might
 f - a potion of invisibility {unknown}


   Skills:
 - Level 5.0 Fighting
 * Level 5.9 Polearms
 - Level 3.2 Armour
 - Level 3.6 Shields


You had 5 spell levels left.
You didn't know any spells.
Your spell library was empty.

Dungeon Overview and Level Annotations

Branches:
Dungeon (5/15)
 Temple: D:4-7

Altars:
Elyvilon
Sif Muna
Jiyva


Innate Abilities, Weirdness & Mutations

You cannot be hasted, slowed, berserked, paralysed or teleported.
You can dig through walls and to a lower floor.
You have a pair of large antennae on your head. (SInv)
Your four strong arms can wield two-handed weapons with a shield.


Message History

The orc shouts!
The white imp shouts, "Embrace thy fall, thou goatish pigeon-egg canker-blossom!"
An orc comes into view. It is wielding a +0 mace.
Found 17 bolts.
You closely miss the white imp.
The white imp hits you but does no damage.
Something hits the bush!
You hit the white imp.
The white imp is lightly wounded.
The white imp hits you. The white imp freezes you.
You barely miss the white imp.
The white imp is lightly wounded.
You block the white imp's attack. The white imp gestures at you.
The puff of frost hits you!
You are too injured to fight recklessly!
You are too injured to fight recklessly!
You are too injured to fight recklessly!
You are too injured to fight recklessly!
You are too injured to fight recklessly!
You are too injured to fight recklessly!
You are too injured to fight recklessly!
You are too injured to fight recklessly!
You are too injured to fight recklessly!
You are too injured to fight recklessly!
You are too injured to fight recklessly!
You are too injured to fight recklessly!
You are too injured to fight recklessly!
You are too injured to fight recklessly!
You hit the white imp.
The white imp is moderately wounded.
The white imp gestures at you. The puff of frost hits you!
* * * LOW HITPOINT WARNING * * *
You block the orc's attack. The white imp gestures at you.
You block the puff of frost. The white imp gestures at you.
The puff of frost hits you!
You die...

..### ##. ..#. ##.# #....
...##... ....## P# #... ..#
.#..? P..#... #.# ...#
P...... #.######..# #.
.......##5.....#..# ...
#<.....o.o.@....# ....
#...##........†<## #..# (
#..........# ... .#.
..............##.# .#...
..............#...####....##
.............._..####.....#.#
##.##.........)##.# #.......#
#. #....#........###.......#
# ###.................(.#..


You could see a white imp and 2 orcs.

Vanquished Creatures
  2 ogres
  A bullfrog zombie (D:3)
  2 hounds (D:4)
  A scorpion zombie (D:3)
  4 adders
  4 gnolls
  An adder skeleton (D:3)
  3 worms (D:2)
  An orc (D:3)
  2 giant cockroaches (D:1)
  8 goblins
  4 hobgoblins
  7 jackals
  3 kobolds
  2 quokkas
  4 ball pythons
  A bat (D:2)
  3 frilled lizards
  2 quokka skeletons (D:3)
  4 rats
59 creatures vanquished.

Vanquished Creatures (others)
  3 jellies (D:4)
  An ufetubus (D:2)
  A dart slug (D:2)
  2 endoplasms (D:2)
  A goblin (D:1)
  3 hobgoblins
  A jackal (D:1)
  A kobold (D:2)
  2 ball pythons
  3 rats
  129 plants
  5 withered plants (D:3)
152 creatures vanquished.

Grand Total: 211 creatures vanquished

Notes
Turn   | Place    | Note
-------+----------+-------------------------------------------
     0 | D:1      | Delamore the Formicid Fighter began the quest for the Orb.
     0 | D:1      | Reached XP level 1. HP: 18/18 MP: 1/1
    26 | D:1      | Found a faded altar of an unknown god.
    37 | D:1      | Became a worshipper of Jiyva Jiasott the Shapeless
    37 | D:1      | Reached * piety under Jiyva
   146 | D:1      | Reached XP level 2. HP: 24/24 MP: 2/2
   474 | D:1      | Reached XP level 3. HP: 30/30 MP: 3/3
  1005 | D:2      | Reached ** piety under Jiyva
  1319 | D:2      | Reached XP level 4. HP: 37/37 MP: 4/4
  1743 | D:3      | Reached XP level 5. HP: 42/42 MP: 5/5
  1863 | D:2      | HP: 2/43 [gnoll/+0 whip (2)]
  2720 | D:4      | Reached *** piety under Jiyva
  2905 | D:4      | Reached XP level 6. HP: 45/50 MP: 6/6
  3184 | D:4      | Noticed an ogre
  3196 | D:4      | Killed an ogre
  3197 | D:4      | Reached skill level 5 in Polearms
  3528 | D:4      | Found a white marble altar of Elyvilon.
  3582 | D:5      | Entered Level 5 of the Dungeon
  3604 | D:5      | Found a shimmering blue altar of Sif Muna.
  3604 | D:5      | Noticed an ogre
  3612 | D:5      | Killed an ogre
  3613 | D:5      | Reached skill level 5 in Fighting
  3785 | D:5      | Killed from afar by a white imp

Illustrated notes

Levels and vault maps discovered:
D:1:      roderic_crop_circles_arrival_small, layout_loops_ring,
          ebering_ecumenical_altar_sacrificial, minivault_25
D:2:      layout_loops_ring, mrwooster_statue_mirror,
          chequers_serial_rivers_room_b
D:3:      layout_basic, serial_undead, serial_undead_c, serial_undead_a,
          serial_undead_d, serial_undead_f
D:4:      layout_cave_pods, nicolae_elyvilon_temple_path
D:5:      minmay_inner_zag, layout_rooms, fedhas_bush_and_centaur_altar,
          overflow_temple_1_default, minmay_temple_entry_arrows, serial_shops,
          shop, gup_ossuary_entry_pyramid

Skill      XL: |  1  2  3  4  5  6 |
---------------+-------------------+-----
Polearms       | 3 4 5 |  5.9
Fighting       | 4 5 |  5.0
Armour         | |  3.2
Shields        | |  3.6

Action                   |  1- 3 |  4- 6 || total
-------------------------+-------+-------++-------
Melee: Trident           |    83 |   158 ||   241
Invok: Request Jelly     |       |     3 ||     3
 Abil: Dig               |       |     1 ||     1
  Use: Scroll            |       |     2 ||     2
       Potion            |       |     1 ||     1
Armor: Scale mail        |    20 |    64 ||    84
Dodge: Dodged            |    12 |    47 ||    59
Block: Kite shield       |    18 |    84 ||   102

Table legend: (Time is in decaauts)
 A = Elapsed time spent in this place.
 B = Non-inter-level travel time spent in this place.
 C = Inter-level travel time spent in this place.
 D = Time resting spent in this place.
 E = Time spent auto-exploring this place.
 F = Levels seen in this place.
 G = Mean time per level.
                   A        B        C        D        E       F      G
               +--------+--------+--------+--------+--------+-----+--------+
         Total |   3858 |   3706 |    152 |    360 |   2815 |   5 |  771.6 |
       Dungeon |   3858 |   3706 |    152 |    360 |   2815 |   5 |  771.6 |
               +--------+--------+--------+--------+--------+-----+--------+

Top non-repeatable levels by time:
     D:2: 1206 daAuts
     D:4: 1113 daAuts
     D:3: 829 daAuts
     D:1: 641 daAuts
     D:5: 66 daAuts
